 Dungeon Crawl Stone Soup version 0.29-a0-289-g2178c42546 (webtiles) character file.

Game seed: 11550775103377457270

238 Dabor the Covered (level 6, 0/38 HPs)
             Began as a Gargoyle Fighter on Mar 17, 2022.
             Slain by a bullfrog (3 damage)
             ... in a sewer.
             The game lasted 00:06:51 (3776 turns).

Dabor the Covered (Gargoyle Fighter)                Turns: 3776, Time: 00:06:52

Health: 0/38       AC: 12    Str: 22    XL:     6   Next: 7%
Magic:  6/6        EV:  7    Int:  8    God:
Gold:   92         SH:  5    Dex: 15    Spells: 5/5 levels left

rFire   + . .      SeeInvis .   a - +0 flail
rCold   + . .      Faith    .   c - +0 buckler
rNeg    + . .      Spirit   .   b - +1 scale mail
rPois   ∞          Reflect  .   (no helmet)
rElec   +          Harm     .   (no cloak)
rCorr   +          Rampage  .   (no gloves)
Will    .....                   (no boots)
Stlth   ..........              (no amulet)
HPRegen 0.12/turn               s - +6 ring of dexterity
MPRegen 0.10/turn               (no ring)

@: mighty, resistant, hasted, constricted, very quick
A: sickness immunity, AC +4, negative energy resistance 1, electricity
resistance, torment resistance 1, petrification resistance
a: no special abilities


You were in a sewer.
You visited 1 branch of the dungeon, and saw 3 of its levels.
You also visited: Sewer.

You collected 92 gold pieces.

Inventory:

Hand Weapons
 a - a +0 flail (weapon)
Missiles
 o - 4 javelins (quivered)
Armour
 b - a +1 scale mail (worn)
 c - a +0 buckler (worn)
Jewellery
 h - a ring of magical power
 s - a +6 ring of dexterity (left hand)
Potions
 g - a potion of mutation {unknown}
 i - a potion of curing {unknown}
 l - a potion of attraction {unknown}
 m - a potion of haste
 p - a potion of brilliance {unknown}
 r - a potion of ambrosia {unknown}
 t - a potion of magic {unknown}


   Skills:
 + Level 4.3 Fighting
 + Level 3.3 Maces & Flails
 + Level 1.5 Throwing
 + Level 4.4 Armour
 + Level 1.4 Dodging
 - Level 3.7 Shields


You had 5 spell levels left.
You didn't know any spells.
Your spell library contained the following spells:

 Spells                   Type           Power      Damage    Failure   Level
 Animate Skeleton         Necr           0%         N/A       82%         1
 Pain                     Necr           0%         1d4       82%         1
 Corpse Rot               Necr/Air       0%         N/A       91%         2
 Vampiric Draining        Necr           0%         2d6       99%         3


Dungeon Overview and Level Annotations

Branches:
Dungeon (3/15)              Sewer (1/1)

Altars:
Kikubaaqudgha


Innate Abilities, Weirdness & Mutations

You are immune to sickness and miasma.
Your stone body is resilient. (AC +4)
You are immune to poison.
You resist negative energy. (rN+)
You are resistant to electric shocks. (rElec)
You are resistant to unholy torment.
You are immune to petrification.


Message History

You block the frilled lizard's attack. The bullfrog closely misses you.
As you read the scroll of summoning, it crumbles to dust.
Wisps of shadow whirl around you... The bullfrog closely misses you.
The ball python bites you but does no damage.
The ball python constricts you. The bullfrog hits you.
* * * LOW HITPOINT WARNING * * *
The frilled lizard bites you but does no damage.
The bullfrog barely misses you.
You sock the frilled lizard!
You kill the frilled lizard!
Your bat barely misses the ball python.
The bullfrog completely misses you. The ball python bites you.
* * * LOW HITPOINT WARNING * * *
The ball python constricts you.
The bullfrog hits you but does no damage.
Your ball python closely misses the bullfrog. x2
The bullfrog hits you but does no damage.
The ball python barely misses you. The ball python constricts you.
Your frilled lizard closely misses the bullfrog.
The bullfrog hits you.
* * * LOW HITPOINT WARNING * * *
It was a potion of haste.
You feel yourself speed up.
Your bat hits the ball python. The bullfrog barely misses you.
Your ball python barely misses the bullfrog. x2
The giant cockroach splashes around in the water.
The ball python barely misses you. The ball python constricts you.
The bullfrog hits you but does no damage.
Your worm bites the bullfrog.
Your frilled lizard closely misses the bullfrog.
You block the bullfrog's attack.
It was a potion of resistance.
You feel protected.
Your bat closely misses the ball python.
Your ball python barely misses the bullfrog.
Your ball python grabs the bullfrog.
Your ball python constricts the bullfrog.
The ball python bites you.
* * * LOW HITPOINT WARNING * * *
The ball python constricts you. The bullfrog hits you.
You die...

≈##≈≈.≈.#######.†≈≈.##≈≈..#
##≈≈≈≈###≈≈≈≈≈###≈..≈##≈≈≈##
#≈≈≈.## ≈≈≈≈..≈≈##≈≈≈≈#≈≈≈.#
#≈.≈## ≈≈≈≈..≈≈≈##≈≈≈##..≈##
≈≈≈≈# ≈≈.$$?.≈≈≈#≈≈≈≈#.≈≈.#
≈≈≈.# ..≈.?$}.≈.#≈.≈≈#≈≈.∩#
≈≈≈.# ≈≈≈≈≈$wl≈≈#≈≈≈≈#≈≈≈.#
#≈≈≈## ≈.≈≈≈≈.FF≈#≈≈≈##.≈≈##
#≈≈≈≈## ≈≈≈≈≈.bS@S#≈≈.#≈≈≈≈#
##≈≈≈≈###≈≈≈.≈#B≈##≈≈##≈≈≈##
≈##≈≈≈≈≈#######≈≈#≈≈##≈.≈.#
≈≈###..≈.≈..≈..≈##.†#≈≈≈≈##
≈≈.≈####≈≈≈≈≈≈..#.≈.≈≈.≈##
≈≈.≈≈≈≈#≈∩.#######.≈≈####
###≈≈≈≈#####≈.≈≈.#≈≈##
≈≈####≈.≈≈≈≈.≈≈.≈####
.....#########≈≈≈#


You could see 2 bullfrogs, a giant cockroach, a ball python (ally target), a
friendly worm (summoned), a friendly bat (summoned), a friendly ball python
(summoned) and a friendly frilled lizard (summoned).

Vanquished Creatures
  A necrophage (D:2)
  A necrophage skeleton (D:2)
  3 gnolls (D:2)
  3 adders
  An iguana skeleton (D:1)
  2 worm zombies (Sewer)
  An adder zombie (Sewer)
  A worm (D:2)
  A dart slug (D:1)
  An orc (D:3)
  17 ball pythons
  16 endoplasms
  9 giant cockroaches
  6 hobgoblins
  2 jackals (D:2)
  8 quokkas
  A ball python skeleton (Sewer)
  A bat (D:1)
  24 frilled lizards
  A frilled lizard skeleton (D:2)
  2 frilled lizard zombies (Sewer)
  A giant cockroach zombie (Sewer)
  2 goblins
  A hobgoblin zombie (D:2)
  5 kobolds
  A kobold skeleton (D:1)
  A kobold zombie (D:2)
  3 quokka zombies
  4 rats
120 creatures vanquished.

Vanquished Creatures (collateral kills)
  A gnoll (D:1)
1 creature vanquished.

Vanquished Creatures (others)
  5 plants (D:1)
  14 toadstools (D:1)
19 creatures vanquished.

Grand Total: 140 creatures vanquished

Notes
Turn   | Place    | Note
-------+----------+-------------------------------------------
     0 | D:1      | Dabor the Gargoyle Fighter began the quest for the Orb.
     0 | D:1      | Reached XP level 1. HP: 14/14 MP: 1/1
   184 | D:1      | Reached XP level 2. HP: 19/19 MP: 2/2
   346 | D:1      | Found a faded altar of an unknown god.
   374 | D:1      | Prayed at the altar of an unknown god.
   374 | D:1      | Became a worshipper of Kikubaaqudgha
   374 | D:1      | Reached * piety under Kikubaaqudgha
   374 | D:1      | Received a gift from Kikubaaqudgha
   375 | D:1      | Fell from the grace of Kikubaaqudgha
   831 | D:1      | Reached XP level 3. HP: 10/24 MP: 3/3
  1558 | D:2      | Reached XP level 4. HP: 17/29 MP: 4/4
  1910 | D:2      | Noticed a necrophage
  1925 | D:2      | Killed a necrophage
  1926 | D:2      | Reached skill level 1 in Throwing
  1926 | D:2      | Reached skill level 1 in Dodging
  1926 | D:2      | Reached XP level 5. HP: 27/33 MP: 5/5
  2583 | D:3      | Found a glowing drain.
  2602 | Sewer    | Entered a sewer
  3452 | Sewer    | Reached XP level 6. HP: 4/38 MP: 6/6
  3776 | Sewer    | Slain by a bullfrog

Illustrated notes

Levels and vault maps discovered:
D:1:      nagdon_arrival_zigzag_paths, layout_loops_ring,
          hellmonk_ecumenical_altar_heavens_door, minmay_lizard_king
D:2:      layout_loops_corners, minmay_misc_feat_rows
D:3:      layout_loops_ring, portal_sewer_entry_b, uniq_ijyb,
          uniq_crazy_yiuf_cottage, uniq_grinder
Sewer:    sewer_frog_island_02

Skill      XL: |  1  2  3  4 |
---------------+-------------+-----
Armour         | 4 |  4.4
Fighting       | 4 |  4.3
Maces & Flails | 3 |  3.3
Throwing       | 1 |  1.5
Dodging        | 1 |  1.4
Shields        | |  3.7

Action                   |  1- 3 |  4- 6 || total
-------------------------+-------+-------++-------
Melee: Flail             |   113 |   300 ||   413
Throw: Javelin           |     4 |     3 ||     7
Invok: Renounce Religion |     1 |       ||     1
  Use: Scroll            |     1 |     6 ||     7
       Potion            |       |     4 ||     4
 Stab: Distracted        |     1 |       ||     1
Armor: Scale mail        |    59 |   206 ||   265
Dodge: Dodged            |    40 |   212 ||   252
Block: Buckler           |    13 |    95 ||   108

Table legend: (Time is in decaauts)
 A = Elapsed time spent in this place.
 B = Non-inter-level travel time spent in this place.
 C = Inter-level travel time spent in this place.
 D = Time resting spent in this place.
 E = Time spent auto-exploring this place.
 F = Levels seen in this place.
 G = Mean time per level.
                   A        B        C        D        E       F      G
               +--------+--------+--------+--------+--------+-----+--------+
         Total |   3970 |   3929 |     41 |    788 |   2167 |   4 |  992.5 |
       Dungeon |   2668 |   2627 |     41 |    119 |   1987 |   3 |  889.3 |
         Sewer |   1301 |   1301 |      0 |    669 |    180 |   1 | 1301.0 |
               +--------+--------+--------+--------+--------+-----+--------+

Top non-repeatable levels by time:
     D:1: 1325 daAuts
   Sewer: 1301 daAuts
     D:2: 1232 daAuts
     D:3: 111 daAuts
